 Dungeon Crawl Stone Soup version 0.31.0-9-g3a7656b989 (webtiles) character file.

Game seed: 5518222233742052729

60270 stipulation the Wrestler (level 14, -4/102 HPs)
             Began as a Ghoul Monk on Jan 25, 2024.
             Was the Champion of Wu Jian.
             Slain by a tengu warrior
             ... wielding a +0 great mace
              (20 damage)
             ... on level 14 of the Dungeon.
             The game lasted 00:10:08 (17395 turns).

stipulation the Wrestler (Ghoul Monk)              Turns: 17395, Time: 00:10:09

Health: -4/102     AC: 18    Str: 31    XL:     14   Next: 98%
Magic:  14/14      EV: 10    Int:  3    God:    Wu Jian [******]
Gold:   1040       SH:  0    Dex: 12    Spells: 13/13 levels left

rFire   . .          .
                       - Unarmed
rCold   + . .        c - orb {light}
rNeg    + + +        Y - +2 chain mail of Decompression {rPois Will++ Int-2 Stlth+}
rPois   ∞            x - +0 helmet
rElec   .            y - +2 ratskin cloak {*Rats rPois rN+ Str-1 Int-1 Dex+1}
rCorr   .            (no gloves)
SInv    +            H - +1 pair of boots of Peek-a-Boo {rN+ Will+ Int-3 SInv}
Will    ++++.        w - amulet of the acrobat Stlth
                     J - +6 ring of strength
HPRegen 0.00/turn    F - +6 ring of strength
MPRegen 0.14/turn

%: acrobat
@: inhibited regen, glowing
A: claws 1, cold resistance 1, negative energy resistance 3, inhibited
regeneration, torment resistance 2, devour on kill
a: Renounce Religion, Wall Jump, Serpent's Lash, Heavenly Storm


You were on level 14 of the Dungeon.
You worshipped Wu Jian.
Wu Jian was exalted by your worship.
You visited 3 branches of the dungeon, and saw 20 of its levels.

You collected 1296 gold pieces.
You spent 256 gold pieces at shops.

Inventory:

Missiles
 Z - 3 throwing nets (quivered)
Armour
 c - an orb of light (worn)
 x - a +0 helmet (worn)
 y - the +2 ratskin cloak (worn) {*Rats rPois rN+ Str-1 Int-1 Dex+1}
   (You found it on level 5 of the Dungeon)

   *Rats:     When the wearer is hurt, rats may emerge from it to assist them.
   Str-1:     It affects your strength (-1).
   Int-1:     It affects your intelligence (-1).
   Dex+1:     It affects your dexterity (+1).
   rPois:     It protects you from poison rN+: It protects you from negative
   energy.
 H - the +1 pair of boots of Peek-a-Boo (worn) {rN+ Will+ Int-3 SInv}
   (You bought it in a shop on level 7 of the Dungeon)

   Int-3:     It affects your intelligence (-3).
   rN+:       It protects you from negative energy.
   Will+:     It increases your willpower.
   SInv:      It lets you see invisible.
 Y - the +2 chain mail of Decompression (worn) {rPois Will++ Int-2 Stlth+}
   (You found it on level 5 of the Lair of Beasts)

   Int-2:     It affects your intelligence (-2).
   rPois:     It protects you from poison Will++: It greatly increases your
   willpower.
   Stlth+:    It makes you more stealthy.
Jewellery
 e - a ring of magical power
 k - an amulet of guardian spirit
 u - a ring of protection from cold
 w - an amulet of the acrobat (around neck)
 B - a +6 ring of intelligence
 E - an amulet of regeneration
 F - a +6 ring of strength (right claw)
 G - a +6 ring of dexterity
 J - a +6 ring of strength (left claw)
 R - a ring of see invisible
 S - a ring of resist corrosion
 U - a ring of wizardry
Wands
 a - a wand of flame (16)
 A - a wand of light (9)
 C - a wand of iceblast (14)
 I - a wand of paralysis (12)
Scrolls
 d - 6 scrolls of vulnerability {unknown}
 f - a scroll of summoning {unknown}
 h - 5 scrolls of blinking
 i - 8 scrolls of enchant armour {unknown}
 n - 6 scrolls of teleportation {unknown}
 o - a scroll of brand weapon {unknown}
 q - 2 scrolls of torment {unknown}
 r - 3 scrolls of revelation {unknown}
 t - a scroll of immolation {unknown}
 v - 4 scrolls of fear {unknown}
 z - a scroll of enchant weapon {unknown}
 O - 7 scrolls of identify
 T - 2 scrolls of noise {unknown}
 V - 3 scrolls of fog {unknown}
Potions
 b - 5 potions of ambrosia
 j - 7 potions of curing
 l - 6 potions of heal wounds
 p - 2 potions of haste
 s - a potion of mutation
 D - 2 potions of brilliance
 K - a potion of resistance {unknown}
 L - 3 potions of might
 N - 2 potions of attraction {unknown}
 P - a potion of lignification {unknown}
 Q - 2 potions of degeneration {unknown}
 W - 2 potions of enlightenment {unknown}
 X - a potion of invisibility {unknown}


   Skills:
 - Level 3.2 Fighting
 - Level 6.0 Armour
 - Level 2.6 Dodging
 + Level 26.0 Unarmed Combat


You had 13 spell levels left.
You didn't know any spells.
Your spell library contained the following spells:

 Spells                   Type           Power      Damage    Failure   Level
 Magic Dart               Conj           0%         1d3       91%         1
 Summon Small Mammal      Summ           0%         N/A       91%         1
 Blink                    Tloc           0%         N/A       97%         2
 Call Imp                 Summ           0%         N/A       97%         2
 Mercury Vapours          Alch/Air       0%         N/A       97%         2
 Scorch                   Fire           0%         2d5       97%         2
 Static Discharge         Conj/Air       0%         3-3/arc   97%         2
 Call Canine Familiar     Summ           0%         N/A       100%        3
 Dazzling Flash           Conj/Hex       0%         N/A       100%        3
 Gell's Gravitas          Tloc           0%         N/A       100%        3
 Mephitic Cloud           Conj/Alch/Air  0%         N/A       100%        3
 Ozocubu's Armour         Ice            0%         N/A       100%        3
 Sigil of Binding         Hex            0%         N/A       100%        3
 Teleport Other           Tloc           0%         N/A       100%        3
 Tukima's Dance           Hex            0%         N/A       100%        3
 Volatile Blastmotes      Fire/Tloc      0%         2d10      100%        3
 Airstrike                Air            0%         2d(0-16)  100%        4
 Dimensional Bullseye     Hex/Tloc       0%         N/A       100%        4
 Flame Wave               Conj/Fire      0%         2d4       100%        4
 Leda's Liquefaction      Alch/Erth      0%         N/A       100%        4
 Martyr's Knell           Necr/Summ      0%         N/A       100%        4
 Passage of Golubria      Tloc           0%         N/A       100%        4
 Summon Blazeheart Golem  Fire/Summ      0%         N/A       100%        4
 Summon Lightning Spire   Summ/Air       0%         N/A       100%        4
 Freezing Cloud           Conj/Ice/Air   0%         6-21      100%        5
 Iskenderun's Battlesphe  Conj           0%         2d6       100%        5
 Lee's Rapid Deconstruct  Erth           0%         3d4*      100%        5
 Metabolic Englaciation   Hex/Ice        0%         N/A       100%        5
 Yara's Violent Unravell  Hex/Alch       0%         3d3       100%        5
 Bombard                  Conj/Erth      0%         9d1       100%        6
 Dispersal                Tloc           0%         N/A       100%        6
 Sculpt Simulacrum        Ice/Alch       0%         N/A       100%        6
 Starburst                Conj/Fire      0%         6d3       100%        6
 Summon Cactus Giant      Summ           0%         N/A       100%        6
 Spellforged Servitor     Conj/Summ      0%         N/A       100%        7
 Maxwell's Capacitive Co  Air            0%         ∞         100%        8


Dungeon Overview and Level Annotations

Branches:
Dungeon (14/15)            Temple (1/1) D:5            Lair (5/5) D:9
 Shoals (0/4) Lair:3        Snake (0/4) Lair:2        Slime (0/5) Lair:5
    Orc (0/2) D:11
 Vaults: D:13-14

Altars:
Ashenzari
Cheibriados
Dithmenos
Fedhas
Gozag
Hepliaklqana
Kikubaaqudgha
Makhleb
Nemelex Xobeh
Okawaru
Qazlal
Ru
Sif Muna
Trog
Uskayaw
Vehumet
Wu Jian
Xom
Yredelemnul
Jiyva

Shops:
D:1 *   D:6 :   D:7 [*

Annotations:
D:5 1 exclusion


Innate Abilities, Weirdness & Mutations

You are immune to poison.
You have sharp fingernails.
Your flesh is cold resistant. (rC+)
You are immune to negative energy. (rN+++)
You do not regenerate when monsters are visible.
You are immune to unholy pain and torment.
You thrive by killing the living.


Message History

Items here: )) [[ †.
A vault guard comes into view. It is wielding a +2 battleaxe.
The vault guard hits you with a +2 battleaxe!
The vault guard attacks as it pursues you!
The vault guard hits you but does no damage.
There are monsters nearby!
There are monsters nearby!
You mangle the vault guard!!
The vault guard is moderately wounded.
The vault guard hits you with a +2 battleaxe!
You mangle the vault guard!!
The vault guard is heavily wounded.
You mangle the vault guard!!
The vault guard is almost dead.
The vault guard hits you with a +2 battleaxe!
You claw the vault guard!
The vault guard is almost dead.
You barely miss the vault guard.
The vault guard is almost dead.
The vault guard hits you with a +2 battleaxe.
You eviscerate the vault guard!!!
You kill the vault guard!
The Council accepts your kill.
Your Unarmed Combat skill increases to level 26!
You scratch the tengu warrior but do no damage.
You closely miss the tengu warrior. The tengu warrior slips past you!
The tengu warrior hits you with a +0 great mace!
The tengu warrior barely misses you. The tengu warrior claws you.
Things that are here:
a +2 battleaxe; a +0 chain mail; a human corpse The tengu warrior attacks as it pursues you!
The tengu warrior hits you with a +0 great mace!
* * * LOW HITPOINT WARNING * * *
The tengu warrior pecks you.
* * * LOW HITPOINT WARNING * * *
The tengu warrior barely misses you.
You barely miss the tengu warrior.
You scratch the tengu warrior but do no damage.
The tengu warrior hits you with a +0 great mace!!
You die...

............############....
..............>.....>..#....
)......................#####
.)..........................
........#############.......
......+#)#.#.#.#.#.##.......
...... ##)#.#.#.#.# #.......
..... #.#)#.#.#.# #.......
..... ##.#@#.#.# ########
.... #.#.#Q#.# .... ##.#.#.#
#.#.#.#.# ##.#.# #.# #### ##


You could see a tengu warrior.

Vanquished Creatures
  The ghost of Qymaymp the Geomancer, an adept GrEE of Vehumet (D:14)
  The ghost of Uvvog the Reanimator, a journeyman GnNe of Gozag (D:12)
  A dire elephant (Lair:5)
  Snorg (Lair:5)
  4 hydras
  A vault guard (D:14)
  Erica (D:8)
  2 catoblepae
  A centaur warrior (D:14)
  2 two-headed ogres
  A boulder beetle (D:11)
  The ghost of Swimmer the Carver, a novice MiFi of Qazlal (D:9)
  7 death yaks (Lair:5)
  Urug (Lair:1)
  A tengu warrior (D:14)
  Nergalle (Lair:3)
  3 skeletal warriors (D:14)
  A spectral death yak (Lair:5)
  A skyshark (Lair:4)
  A spectral anaconda (Lair:5)
  An obsidian statue (Lair:5)
  4 necromancers (Lair:5)
  3 deep elf pyromancers (D:13)
  2 cyclopes
  2 manticores
  A merfolk siren (Lair:3)
  11 elephants (Lair:5)
  4 black mambas
  A torpor snail (Lair:3)
  9 cane toads
  A rime drake (Lair:3)
  9 komodo dragons
  An efreet (D:13)
  2 trolls (D:13)
  4 polar bears
  Prince Ribbit (D:7)
  Grinder (D:4)
  4 blink frogs (Lair:5)
  A spectral elephant (Lair:5)
  8 dream sheep
  11 slime creatures (D:14)
  A shadow (D:13)
  3 wyverns
  A wraith (D:10)
  A fire bat (D:10)
  3 vampires
  60 yaks
  3 steam dragons
  2 basilisks (Lair:4)
  3 vampire mosquitoes (D:14)
  A death yak simulacrum (Lair:5)
  2 nagas (Lair:2)
  2 acid dragons
  A spectral cane toad (Lair:5)
  9 water moccasins
  3 orc warriors
  An ice beast (D:7)
  6 black bears
  A sky beast (D:10)
  2 ogres
  10 wolves
  4 centaurs
  An elephant skeleton (Lair:5)
  4 kobold brigands
  Blork the orc (D:6)
  10 bullfrogs
  3 scorpions
  2 cane toad simulacra (Lair:5)
  11 wights
  4 killer bees (D:11)
  A howler monkey (D:8)
  4 bombardier beetles
  4 hounds
  5 orc priests
  A jelly (D:4)
  3 iguanas
  2 sleepcaps
  5 orc wizards
  6 adders
  3 gnolls (D:4)
  A shadow imp (D:5)
  4 white imps
  2 ufetubi (D:6)
  2 ribbon worms
  A dart slug (D:4)
  42 orcs
  8 ball pythons
  5 bats
  5 endoplasms
  5 goblins
  10 hobgoblins
  10 jackals
  5 quokkas
  8 frilled lizards (D:2)
  24 kobolds
  9 rats
444 creatures vanquished.

Vanquished Creatures (collateral kills)
  A cane toad (Lair:1)
  A tengu conjurer (D:12)
  2 yaks (D:10)
  A hell hound (D:10)
  A black bear (D:5)
  A bullfrog (Lair:4)
  A wight (D:9)
  An orc (D:10)
9 creatures vanquished.

Grand Total: 453 creatures vanquished

Notes
Turn   | Place    | Note
-------+----------+-------------------------------------------
     0 | D:1      | stipulation the Ghoul Monk began the quest for the Orb.
     0 | D:1      | Reached XP level 1. HP: 19/19 MP: 1/1
   102 | D:1      | Reached XP level 2. HP: 19/26 MP: 2/2
   166 | D:1      | Reached skill level 4 in Unarmed Combat
   241 | D:1      | Found Fiufiwk's Assorted Antiques.
   593 | D:2      | Reached XP level 3. HP: 31/31 MP: 3/3
   643 | D:2      | Found a shimmering altar of Xom.
   965 | D:2      | Reached skill level 5 in Unarmed Combat
  1355 | D:3      | Reached XP level 4. HP: 38/38 MP: 4/4
  1569 | D:3      | Reached skill level 6 in Unarmed Combat
  1592 | D:3      | Got the Compendium of Transformed Beckoning
  1694 | D:3      | Reached XP level 5. HP: 45/45 MP: 5/5
  1768 | D:3      | Found a faded altar of an unknown god.
  2118 | D:4      | Noticed a black bear
  2132 | D:4      | Killed a black bear
  2133 | D:4      | Reached skill level 7 in Unarmed Combat
  2133 | D:4      | Reached XP level 6. HP: 21/51 MP: 6/6
  2276 | D:4      | Noticed Grinder
  2285 | D:4      | Killed Grinder
  2286 | D:4      | Reached skill level 8 in Unarmed Combat
  2286 | D:4      | Reached XP level 7. HP: 57/57 MP: 7/7
  2493 | D:4      | Reached skill level 9 in Unarmed Combat
  3011 | D:5      | Entered Level 5 of the Dungeon
  3038 | D:5      | Found the +2 ratskin cloak {*Rats rPois rN+ Str-1 Int-1
                  | Dex+1}
  3083 | D:5      | Found a snail-covered altar of Cheibriados.
  3109 | D:5      | Found a blossoming altar of Fedhas.
  3134 | D:5      | Reached skill level 10 in Unarmed Combat
  3240 | D:5      | Reached XP level 8. HP: 58/63 MP: 8/8
  3340 | D:5      | Found an iron altar of Okawaru.
  3405 | D:5      | Found a staircase to the Ecumenical Temple.
  3722 | D:5      | Found a shadowy altar of Dithmenos.
  3983 | Temple   | Entered the Ecumenical Temple
  3993 | Temple   | Became a worshipper of the Wu Jian Council
  3993 | Temple   | Reached * piety under Wu Jian
  3993 | Temple   | Reached ** piety under Wu Jian
  4144 | D:6      | Reached skill level 11 in Unarmed Combat
  4173 | D:6      | Found Ocuamair's Book Shoppe.
  4558 | D:6      | Noticed Blork the orc
  4563 | D:6      | Killed Blork the orc
  4727 | D:7      | Noticed a cyclops
  4735 | D:7      | Killed a cyclops
  4736 | D:7      | Reached skill level 12 in Unarmed Combat
  4736 | D:7      | Reached XP level 9. HP: 31/70 MP: 9/9
  4827 | D:7      | Reached skill level 13 in Unarmed Combat
  4936 | D:7      | Found a shimmering blue altar of Sif Muna.
  4971 | D:7      | Identified the +4 robe of Lael {rC+}
  5003 | D:7      | Noticed Prince Ribbit
  5018 | D:7      | Killed Prince Ribbit
  5084 | D:7      | Reached *** piety under Wu Jian
  5114 | D:7      | Reached skill level 14 in Unarmed Combat
  5204 | D:7      | Found Hoeg Mij's Overcharged Wands.
  5281 | D:7      | Found Xyesk's Antique Armour Shoppe.
  5286 | D:7      | Bought a pair of smoking boots for 256 gold pieces
  5286 | D:7      | Identified the +1 pair of boots of Peek-a-Boo {rN+ Will+
                  | Int-3 SInv} (You bought it in a shop on level 7 of the
                  | Dungeon)
  5749 | D:8      | Reached skill level 15 in Unarmed Combat
  5749 | D:8      | Reached XP level 10. HP: 49/77 MP: 10/10
  6045 | D:8      | Found a hide-covered altar of Uskayaw.
  6109 | D:8      | Noticed Erica
  6117 | D:8      | Killed Erica
  6361 | D:8      | Found a sparkling altar of Nemelex Xobeh.
  6407 | D:8      | Found a sacrificial altar of Ru.
  6577 | D:9      | Reached skill level 16 in Unarmed Combat
  6591 | D:9      | Found a runed translucent door.
  6623 | D:9      | Reached **** piety under Wu Jian
  6643 | D:9      | Reached skill level 17 in Unarmed Combat
  6729 | D:9      | Found a staircase to the Lair.
  7227 | D:9      | Reached XP level 11. HP: 82/82 MP: 11/11
  7554 | D:9      | Noticed Swimmer's ghost (novice MiFi)
  7660 | D:9      | Killed Swimmer's ghost
  7661 | D:9      | Reached skill level 18 in Unarmed Combat
  7687 | D:9      | Identified the +8 longbow "Xemitoka" {drain, rN+}
  7721 | D:10     | Entered Level 10 of the Dungeon
  8151 | D:10     | Reached skill level 19 in Unarmed Combat
  8207 | D:10     | Found a shimmering altar of Xom.
  8445 | D:11     | Noticed a boulder beetle
  8454 | D:11     | Killed a boulder beetle
  8534 | D:11     | Found a staircase to the Orcish Mines.
  8584 | D:11     | Noticed a cyclops
  8589 | D:11     | Killed a cyclops
  8991 | D:11     | Identified the +5 whip of the Bursted God {drain, Dex+3
                  | SInv Stlth+}
  9481 | Lair:1   | Entered Level 1 of the Lair of Beasts
  9493 | Lair:1   | Reached skill level 1 in Armour
  9660 | Lair:1   | Reached skill level 20 in Unarmed Combat
  9660 | Lair:1   | Reached XP level 12. HP: 79/89 MP: 12/12
  9703 | Lair:1   | Noticed Urug
  9720 | Lair:1   | HP: 3/89 [Urug/+5 glaive of protection (14)]
  9724 | Lair:1   | Killed Urug
 11044 | Lair:2   | Found a staircase to the Snake Pit.
 11163 | Lair:2   | Reached skill level 5 in Armour
 11167 | Lair:2   | Noticed a six-headed hydra
 11174 | Lair:2   | Killed a six-headed hydra
 11921 | Lair:3   | Reached skill level 21 in Unarmed Combat
 11935 | Lair:3   | Reached ***** piety under Wu Jian
 12021 | Lair:3   | Noticed Nergalle
 12025 | Lair:3   | Killed Nergalle
 12026 | Lair:3   | Reached XP level 13. HP: 94/94 MP: 13/13
 12268 | Lair:3   | Found a staircase to the Shoals.
 12715 | Lair:4   | Reached skill level 22 in Unarmed Combat
 12961 | Lair:4   | You fall into a shaft and drop 1 floor!
 12961 | Lair:5   | Entered Level 5 of the Lair of Beasts
 13097 | Lair:5   | Found a viscous altar of Jiyva.
 13097 | Lair:5   | Found a staircase to the Slime Pits.
 13374 | Lair:5   | Reached skill level 23 in Unarmed Combat
 13460 | Lair:5   | Noticed a dire elephant
 13639 | Lair:5   | Identified the +2 chain mail of Decompression {rPois Will++
                  | Int-2 Stlth+}
 13761 | Lair:5   | Killed a dire elephant
 13762 | Lair:5   | Reached XP level 14. HP: 73/102 MP: 14/14
 13840 | Lair:5   | Identified the +9 dagger of Cuniruav {vamp, Will++ Dex-4}
 14003 | Lair:5   | Reached skill level 24 in Unarmed Combat
 14275 | Lair:5   | Noticed Snorg
 14285 | Lair:5   | Killed Snorg
 15802 | D:12     | Found a runed translucent door.
 15995 | D:12     | Noticed Uvvog's ghost (journeyman GnNe)
 16004 | D:12     | Killed Uvvog's ghost
 16005 | D:12     | Reached skill level 25 in Unarmed Combat
 16037 | D:12     | Identified the +6 dagger "Xupridad" {protect, rElec rC-
                  | Int+2}
 16836 | D:14     | Found a runed translucent gate.
 16836 | D:14     | Found a runed translucent gate.
 16836 | D:14     | Found a runed translucent gate.
 16836 | D:14     | Noticed Qymaymp's ghost (adept GrEE)
 16860 | D:14     | Killed Qymaymp's ghost
 16860 | D:14     | Reached ****** piety under Wu Jian
 17295 | D:14     | Identified the +1 robe "Qenaos" {SInv}
 17390 | D:14     | Reached skill level 26 in Unarmed Combat
 17395 | D:14     | Slain by a tengu warrior

Illustrated notes

Levels and vault maps discovered:
D:1:      nzn_arrival_water_spiral, layout_basic, serial_shops, shop
D:2:      layout_loops_cross, basic_altar, minmay_lizard_pond
D:3:      layout_basic, elyvilon_altar_4,
          shapermc_ecumenical_altar_mp_ritualfount,
          minmay_misc_feat_more_columns, minmay_diced_spiral
D:4:      layout_basic, uniq_grinder
D:5:      layout_basic, kennysheep_okawaru_gauntlet,
          mainiacjoe_overflow_large_starburst, grunt_dithmenos_shadows,
          minmay_temple_entry_trees, serial_co_window_serial, co_window_paths_a,
          co_window_paths_b, co_window_corner_a, co_window_paths_b,
          co_window_cross_1, co_window_cross_2, co_window_2corner,
          co_window_2corner, glass_columns_c, glass_columns_c, glass_columns_b
D:6:      layout_loops_cross, serial_shops, nicolae_shop_window_shopping,
          uniq_blork_the_orc
D:7:      layout_cave_pools, mainiacjoe_overflow_paths,
          overflow_temple_1_default, serial_shops, kennysheep_little_box,
          grunt_ministairs_14, nicolae_shop_overcharged_wands,
          uniq_prince_ribbit1
D:8:      layout_gridville, nicolae_ru_the_path_less_chosen,
          nemelex_xobeh_ov_fountains_minmay, nicolae_uskayaw_dance_studio,
          uniq_erica
D:9:      layout_long_grid, grunt_lair_entry_orc_guard_hut,
          ebering_ghost_reflecting_pool
D:10:     layout_cave_pools, regret_index_xom_of_box, nicolae_twisting_strands
D:11:     layout_basic, orc_0_dummy
D:12:     layout_long_grid, ebering_ghost_reflecting_pool, serial_glass,
          glass_columns_c, glass_columns_c, st_stairs_4,
          kennysheep_generic_room_10
D:13:     layout_gridville
D:14:     regret_index_wax_grids, layout_irregular_city, david_vaults_5,
          fedhas_altar_1, ebering_ghost_rock_garden,
          nicolae_looking_at_the_future
Temple:   jpeg_temple_clearing
Lair:1:   layout_cave_pods, special_room, uniq_urug
Lair:2:   layout_loops_ring, minmay_snake_entry_guardpost_small,
          lemuel_fruit_fields, infiniplex_staircase_pool_2
Lair:3:   layout_gridlike, elwin_shoals_entry_rooms, uniq_nergalle
Lair:4:   layout_regular_city
Lair:5:   due_jungle_book, layout_long_grid, slime_entry_1, uniq_snorg

Skill      XL: |  1  2  3  4  5  6  7  8  9 10 11 12 13 14 |
---------------+-------------------------------------------+-----
Unarmed Combat | 4 5 6 7 8 10 12 15 17 20 21 23 26 | 26.0
Armour         | 1 6 |  6.0
Fighting       | |  3.2
Dodging        | |  2.6

Action                     |  1- 3 |  4- 6 |  7- 9 | 10-12 | 13-15 || total
---------------------------+-------+-------+-------+-------+-------++-------
  Melee: Unarmed           |   109 |    93 |   242 |   517 |   463 ||  1424
 Invoke: Serpent's Lash    |       |       |       |     5 |     2 ||     7
Ability: Lunge             |       |       |    11 |    34 |    48 ||    93
         Whirlwind         |       |       |     4 |    76 |    26 ||   106
         Wall Jump         |       |       |       |     2 |       ||     2
    Use: Scroll            |       |       |     5 |     2 |       ||     7
         Potion            |       |       |       |     1 |       ||     1
 Armour: Robe              |    31 |       |       |       |       ||    31
         Ring mail         |    17 |    54 |   133 |    71 |       ||   275
         Plate armour      |       |       |       |   237 |   174 ||   411
         Chain mail        |       |       |       |       |    82 ||    82
  Dodge: Dodged            |    64 |    54 |   100 |   161 |   108 ||   487
